 Dungeon Crawl Stone Soup version 0.29-a0-887-gcbe080d7e0 (webtiles) character file.

Game seed: 18104882564173657560

6859 Hubris850 the Grappler (level 10, -1/144 HPs)
             Began as a Troll Berserker on July 21, 2022.
             Was a Priest of Trog.
             Incinerated by a deep elf pyromancer (2 damage)
             ... with a sticky flame
             ... on level 9 of the Dungeon.
             The game lasted 00:19:24 (6224 turns).

Hubris850 the Grappler (Troll Berserker)            Turns: 6224, Time: 00:19:24

Health: -1/144     AC:  7    Str: 29    XL:     10   Next: 78%
Magic:  9/9        EV: 14    Int:  3    God:    Trog [***...]
Gold:   467        SH:  0    Dex: 11    Spells: 9/9 levels left

rFire   . . .      SeeInvis .     - Unarmed
rCold   + . .      Faith    .   (no shield)
rNeg    . . .      Spirit   .   k - +2 robe {Will+}
rPois   .          Reflect  .   (helmet restricted)
rElec   .          Harm     .   l - +0 cloak
rCorr   .          Rampage  .   (gloves unavailable)
Will    +....                   (boots unavailable)
Stlth   ..........              (no amulet)
HPRegen 1.14/turn               i - +4 ring of evasion
MPRegen 0.11/turn               r - ring of protection from cold

@: berserking, on fire, attractive, glowing, very quick
A: large, unfitting armour, claws 3, regeneration 1, shaggy fur 1, tough skin 1
a: Renounce Religion, Berserk, Trog's Hand


You were on level 9 of the Dungeon.
You worshipped Trog.
Trog was most pleased with you.
You visited 1 branch of the dungeon, and saw 9 of its levels.

You collected 467 gold pieces.

Inventory:

Hand Weapons
 j - the +0 spear of Shimmering Terror {venom, rPois}
   (You found it on level 2 of the Dungeon)

   It poisons the flesh of those it strikes.
   rPois:     It protects you from poison.
 y - a +0 sling
Missiles
 f - 13 boomerangs (quivered)
 g - 16 poisoned darts
 s - 2 throwing nets
 v - 5 javelins
Armour
 a - a +0 animal skin
 k - a +2 robe of willpower (worn)
 l - a +0 cloak (worn)
Jewellery
 i - a +4 ring of evasion (left claw)
 r - a ring of protection from cold (right claw)
 G - an amulet of magic regeneration
Wands
 q - a wand of paralysis (4)
 A - a wand of flame (46)
 E - a wand of light (6)
 F - a wand of polymorph (14)
Scrolls
 d - 2 scrolls of fear {unknown}
 e - 2 scrolls of enchant armour {unknown}
 h - 5 scrolls of identify {unknown}
 m - a scroll of teleportation {unknown}
 n - 2 scrolls of fog {unknown}
 o - 2 scrolls of poison {unknown}
 p - a scroll of enchant weapon {unknown}
 u - 3 scrolls of magic mapping {unknown}
 w - 2 scrolls of vulnerability {unknown}
 H - a scroll of brand weapon {unknown}
Potions
 b - a potion of attraction
 c - 2 potions of curing
 t - a potion of heal wounds
 x - a potion of berserk rage
 z - 2 potions of mutation {unknown}
 B - 2 potions of flight {unknown}
 C - a potion of invisibility {unknown}
 D - a potion of magic {unknown}


   Skills:
 - Level 5.0 Fighting
 - Level 6.0 Throwing
 - Level 2.4 Dodging
 + Level 14.4 Unarmed Combat


You had 9 spell levels left.
You didn't know any spells.
Your spell library was empty.

Dungeon Overview and Level Annotations

Branches:
Dungeon (9/15)             Temple (0/1) D:4
   Lair: D:8-11         Orc: D:9-12

Altars:
Makhleb
Nemelex Xobeh


Innate Abilities, Weirdness & Mutations

You are too large for most types of armour.
You have claws for hands.
Your natural rate of healing is unusually fast.
You are covered in fur. (AC +1)
You have tough skin. (AC +1)


Message History

* * * LOW HITPOINT WARNING * * *
The centaur warrior kicks you.
* * * LOW HITPOINT WARNING * * *
You eviscerate the centaur warrior!!!
You kill the centaur warrior!
Trog accepts your kill.
Your Unarmed Combat skill increases to level 14!
You mangle the fire elemental!!
The fire elemental is heavily damaged.
You mangle the fire elemental!!
You destroy the fire elemental!
The fire elemental disappears in a puff of smoke!
The deep elf pyromancer is attracted toward you.
You mangle the cyan ugly thing!!
The cyan ugly thing is severely wounded.
You barely miss the cyan ugly thing. Your claw misses the cyan ugly thing.
The cyan ugly thing is severely wounded.
The centaur is attracted toward you.
You eviscerate the cyan ugly thing!!!
You kill the cyan ugly thing!
Trog accepts your kill.
The centaur shoots an arrow.
The arrow hits you!
* * * LOW HITPOINT WARNING * * *
The centaur is attracted toward you.
You eviscerate the centaur!!!
You kill the centaur!
Trog accepts your kill.
You closely miss the deep elf pyromancer.
The deep elf pyromancer is severely wounded.
You closely miss the deep elf pyromancer.
Your claw misses the deep elf pyromancer.
The deep elf pyromancer is severely wounded.
The deep elf pyromancer points at you and mumbles some strange words.
The sticky flame hits you!
You are covered in liquid flames!
* * * LOW HITPOINT WARNING * * *
You scratch the deep elf pyromancer.
The deep elf pyromancer is severely wounded.
You are covered in liquid flames!
You die...

......#..... ...##......#
........###.###c.#......#
#####..##..#..##..#.....#
.## .#.#..##.......# ##
.#...#..##....$.#
#..#..#..#..#.....##
##.#..#.#..#.#°....#
c.#S.#.$.#..#e§§...#######
#.#..#.#..#@#............
#..#..#)†#..#............
#..#.).#..##.........../
#..#†#..##.............
##..#..##..c...........
###.###..#....#+######
#.†##.#.#.....#.#
#..#.##.#.....#.#
#.##.##..#.....#.#


You could see a deep elf pyromancer.

Vanquished Creatures
  A centaur warrior (D:9)
  An ugly thing (D:9)
  Grinder (D:6)
  3 yaks
  5 wyverns
  4 steam dragons
  Edmund (D:4)
  5 water moccasins
  Duvessa (D:4)
  4 orc warriors
  2 black bears (D:7)
  A sky beast (D:6)
  An ice beast (D:6)
  2 ogres
  2 centaurs
  A phantom (D:7)
  2 kobold brigands
  3 scorpions (D:5)
  2 necrophages
  4 bullfrogs
  A wight (D:9)
  13 killer bees
  Dowan (D:4)
  An electric eel (D:8)
  4 howler monkeys
  2 quasits (D:7)
  3 hounds
  3 orc priests
  Ijyb (D:4)
  5 iguanas
  3 orc wizards
  8 adders
  4 gnolls (D:5)
  8 shadow imps (D:7)
  4 white imps
  An ufetubus (D:7)
  3 worms
  A dart slug (D:1)
  17 orcs
  4 bats
  4 endoplasms
  3 giant cockroaches
  8 goblins
  5 hobgoblins
  6 jackals
  2 quokkas (D:1)
  4 ball pythons
  12 kobolds
  3 rats (D:1)
180 creatures vanquished.

Vanquished Creatures (others)
  4 demonic plants (D:7)
4 creatures vanquished.

Grand Total: 184 creatures vanquished

Notes
Turn   | Place    | Note
-------+----------+-------------------------------------------
     0 | D:1      | Hubris850 the Troll Berserker began the quest for the Orb.
     0 | D:1      | Reached XP level 1. HP: 22/22 MP: 0/0
    34 | D:1      | Reached XP level 2. HP: 29/29 MP: 1/1
   292 | D:1      | Reached skill level 4 in Unarmed Combat
   505 | D:2      | Reached XP level 3. HP: 26/36 MP: 2/2
   624 | D:3      | Reached ** piety under Trog
   701 | D:2      | Reached skill level 1 in Throwing
   701 | D:2      | Reached XP level 4. HP: 44/44 MP: 3/3
  1258 | D:2      | Identified the +0 spear of Shimmering Terror {venom, rPois}
  1308 | D:4      | Noticed Duvessa
  1315 | D:3      | Reached skill level 5 in Unarmed Combat
  1374 | D:4      | Noticed Dowan
  1377 | D:4      | Killed Duvessa
  1378 | D:4      | Reached XP level 5. HP: 40/50 MP: 4/4
  1422 | D:4      | Killed Dowan
  1423 | D:4      | Reached XP level 6. HP: 59/59 MP: 5/5
  1496 | D:4      | Found a staircase to the Ecumenical Temple.
  1607 | D:4      | Noticed Edmund
  1612 | D:4      | Killed Edmund
  1613 | D:4      | Reached skill level 6 in Unarmed Combat
  1807 | D:4      | Noticed Ijyb
  1809 | D:4      | Paralysed by Ijyb for 4 turns
  1819 | D:4      | Killed Ijyb
  2129 | D:5      | Entered Level 5 of the Dungeon
  2129 | D:5      | Noticed a water moccasin
  2129 | D:5      | Noticed a water moccasin
  2135 | D:5      | Killed a water moccasin
  2136 | D:5      | Reached skill level 7 in Unarmed Combat
  2136 | D:5      | Reached XP level 7. HP: 66/66 MP: 6/6
  2252 | D:5      | Reached skill level 8 in Unarmed Combat
  2286 | D:5      | Found a burning altar of Makhleb.
  2483 | D:5      | Reached skill level 9 in Unarmed Combat
  2547 | D:5      | Reached XP level 8. HP: 74/74 MP: 7/7
  3126 | D:5      | Reached skill level 10 in Unarmed Combat
  3210 | D:6      | Reached *** piety under Trog
  3579 | D:6      | Noticed Grinder
  3589 | D:6      | Killed Grinder
  3841 | D:7      | Reached skill level 5 in Throwing
  3841 | D:7      | Reached XP level 9. HP: 68/80 MP: 8/8
  3849 | D:7      | Reached skill level 11 in Unarmed Combat
  4920 | D:8      | Reached skill level 12 in Unarmed Combat
  5383 | D:8      | Reached XP level 10. HP: 94/94 MP: 9/9
  5613 | D:8      | Found a sparkling altar of Nemelex Xobeh.
  5778 | D:9      | Reached **** piety under Trog
  5870 | D:9      | Reached skill level 5 in Fighting
  5917 | D:9      | Reached skill level 13 in Unarmed Combat
  6079 | D:9      | Noticed a centaur warrior
  6088 | D:9      | HP: 2/96 [bullfrog (4)]
  6091 | D:9      | Noticed a cyan ugly thing
  6192 | D:9      | Noticed a deep elf pyromancer
  6215 | D:9      | Killed a centaur warrior
  6216 | D:9      | Reached skill level 14 in Unarmed Combat
  6220 | D:9      | Killed a cyan ugly thing
  6220 | D:9      | HP: 7/144 [centaur/arrow (10)]
  6223 | D:9      | HP: 1/144 [deep elf pyromancer/sticky flame (7)]
  6224 | D:9      | Incinerated by a deep elf pyromancer

Illustrated notes

Levels and vault maps discovered:
D:1:      evilmike_arrival_hilbert_curve, layout_rooms
D:2:      layout_basic
D:3:      layout_basic, hellmonk_ecumenical_altar_crossroads
D:4:      layout_basic, minmay_temple_entry_ruins, serial_bayou_lake_a,
          uniq_duvessa, uniq_edmund, uniq_ijyb
D:5:      minmay_general_purpose_star, layout_loops_ring,
          mainiacjoe_overflow_surrounded_room, minmay_misc_feat_enclosed,
          kennysheep_dice
D:6:      layout_basic, uniq_grinder
D:7:      layout_loops_ring, serial_demonic, serial_demonic_e, serial_demonic_f,
          serial_demonic_e, serial_demonic_a, minmay_misc_feat_tiny
D:8:      kennysheep_spiral_hall, layout_gridville, nemelex_spade_bored_becter,
          roderic_lattice_a, fountainhead, minmay_fractal_squares_5
D:9:      minmay_the_grid_octo_tiled_octocenter [minmay_the_grid_octo_clover,
          minmay_the_grid_octo_thin_diamonds, minmay_the_grid_octo_pinwheel,
          minmay_the_grid_octo_checkered, minmay_the_grid_octo_prize_star,
          minmay_the_grid_square_5x5_percent, minmay_the_grid_square_5x5_tie,
          minmay_the_grid_square_5x5_six_small,
          minmay_the_grid_square_5x5_sharp_hourglass], layout_basic,
          david_lair_shrubbed

Skill      XL: |  1  2  3  4  5  6  7  8  9 10 |
---------------+-------------------------------+-----
Unarmed Combat | 4 5 7 9 10 12 14 | 14.4
Throwing       | 1 2 3 5 6 |  6.0
Fighting       | 4 5 |  5.0
Dodging        | |  2.4

Action                   |  1- 3 |  4- 6 |  7- 9 | 10-12 || total
-------------------------+-------+-------+-------+-------++-------
Melee: Unarmed           |    83 |    89 |   231 |   110 ||   513
       Punch             |     1 |     1 |    10 |     4 ||    16
Throw: Javelin           |       |       |     2 |       ||     2
       Boomerang         |       |       |     1 |       ||     1
Invok: Berserk           |       |     6 |     6 |     5 ||    17
       Trog's Hand       |       |       |     1 |     1 ||     2
  Use: Potion            |       |       |       |     5 ||     5
Armor: Animal skin       |    29 |    16 |       |       ||    45
       Robe              |       |     6 |    54 |    41 ||   101
Dodge: Dodged            |    39 |    55 |   142 |   110 ||   346

Table legend: (Time is in decaauts)
 A = Elapsed time spent in this place.
 B = Non-inter-level travel time spent in this place.
 C = Inter-level travel time spent in this place.
 D = Time resting spent in this place.
 E = Time spent auto-exploring this place.
 F = Levels seen in this place.
 G = Mean time per level.
                   A        B        C        D        E       F      G
               +--------+--------+--------+--------+--------+-----+--------+
         Total |   6335 |   6158 |    177 |    835 |   3868 |   9 |  703.9 |
       Dungeon |   6335 |   6158 |    177 |    835 |   3868 |   9 |  703.9 |
               +--------+--------+--------+--------+--------+-----+--------+

Top non-repeatable levels by time:
     D:8: 1193 daAuts
     D:5: 1093 daAuts
     D:7: 887 daAuts
     D:4: 776 daAuts
     D:2: 746 daAuts
     D:6: 634 daAuts
     D:1: 490 daAuts
     D:9: 334 daAuts
     D:3: 180 daAuts
